 Dungeon Crawl Stone Soup version 0.24.0-13-gcf9b319 (webtiles) character file.

Game seed: 5563126144358760185, levelgen mode: deterministic

29 ubername the Skirmisher (level 3, 0/33 HPs)
             Began as a Minotaur Monk on May 31, 2020.
             Slain by a gnoll
             ... wielding a +0 spear
              (4 damage)
             ... on level 2 of the Dungeon.
             The game lasted 00:01:03 (974 turns).

ubername the Skirmisher (Minotaur Monk)              Turns: 974, Time: 00:01:03

Health: 0/33       AC:  2    Str: 16    XL:     3   Next: 1%
Magic:  2/2        EV: 13    Int:  7    God:
Gold:   73         SH:  0    Dex: 12    Spells: 2/2 levels left

rFire    . . .     SeeInvis .   a - +0 mace
rCold    . . .     Gourm    .   (no shield)
rNeg     . . .     Faith    .   b - +0 robe
rPois    .         Spirit   .   (helmet restricted)
rElec    .         Reflect  .   (no cloak)
rCorr    .         Harm     .   (no gloves)
MR       .....                  (no boots)
Stlth    ++........             (no amulet)
HPRegen  0.11/turn              (no ring)
MPRegen  0.08/turn              (no ring)

@: no status effects
A: retaliatory headbutt, horns 2
a: no special abilities


You were on level 2 of the Dungeon.
You were not hungry.

You visited 1 branch of the dungeon, and saw 2 of its levels.

You collected 73 gold pieces.

Inventory:

Hand Weapons
 a - a +0 mace (weapon)
Armour
 b - a +0 robe (worn)
Jewellery
 m - a +5 ring of evasion {unknown}
Scrolls
 f - a scroll of random uselessness {unknown}
 h - 3 scrolls of blinking {unknown}
 i - a scroll of identify {unknown}
 j - a scroll of enchant weapon {unknown}
 k - 2 scrolls of noise {unknown}
 l - 3 scrolls of teleportation {unknown}
Potions
 d - 2 potions of heal wounds {unknown}
 e - a potion of cancellation {unknown}
 g - a potion of invisibility {unknown}
 n - a potion of flight {unknown}
 o - a potion of curing {unknown}
Comestibles
 c - 2 rations
 p - 3 chunks of flesh


   Skills:
 + Level 4.2 Fighting
 + Level 4.1 Maces & Flails
 + Level 3.5 Dodging
 + Level 1.7 Stealth


You had 2 spell levels left.
You didn't know any spells.
Your spell library was empty.

Dungeon Overview and Level Annotations

Branches:
Dungeon (2/15)

Altars:


Innate Abilities, Weirdness & Mutations

You reflexively headbutt those who attack you in melee.
You have a pair of horns on your head.


Message History

The ooze moves out of view.
A gnoll comes into view. It is wielding a +0 spear.
The gnoll shouts!
A gnoll comes into view. It is wielding a +0 spear.
A gnoll comes into view. It is wielding a +0 spear.
There are monsters nearby!
The gnoll shouts!
You hear a shout!
The gnoll hits you with a +0 spear.
You completely miss the gnoll. Your headbutt misses the gnoll.
The gnoll closely misses you. The ooze hits you.
The gnoll hits you with a +0 spear!
You closely miss the gnoll. The ooze hits you.
The gnoll hits you from afar with a +0 spear.
The gnoll hits you with a +0 spear.
* * * LOW HITPOINT WARNING * * *
The ooze hits you.
* * * LOW HITPOINT WARNING * * *
You barely miss the gnoll.
The gnoll hits you from afar with a +0 spear.
You die...

##.##.##..
#.##.##############
#.....รท...........###
#.##.>............... #
#..#######...#.##
.....# #...#.#
####..########..#.###..
#............$......
#..#.######.@#.#.#.
#..# #...Jg..# #..
.....#..gg# ###..#.##.#
#. #.. .# .. ... .. ##
### ##


You could see 3 gnolls and an ooze.

Vanquished Creatures
  An adder (D:2)
  2 bats (D:1)
  2 giant cockroaches (D:1)
  3 goblins
  3 hobgoblins (D:1)
  A ball python (D:1)
  A frilled lizard (D:1)
  2 kobolds (D:1)
  4 rats (D:1)
19 creatures vanquished.

Notes
Turn   | Place    | Note
-------+----------+-------------------------------------------
     0 | D:1      | ubername the Minotaur Monk began the quest for the Orb.
     0 | D:1      | Reached XP level 1. HP: 19/19 MP: 0/0
   176 | D:1      | Reached XP level 2. HP: 21/27 MP: 1/1
   873 | D:2      | Reached XP level 3. HP: 23/33 MP: 2/2
   974 | D:2      | Slain by a gnoll

Levels and vault maps discovered:
D:1:      minmay_arrival_stone_box, layout_loops_ring
D:2:      layout_basic, uniq_jessica

Skill      XL: |  1  2 |
---------------+-------+-----
Maces & Flails | 4 |  4.1
Fighting       | 4 |  4.2
Dodging        | |  3.5
Stealth        | |  1.7

Action                   || total
-------------------------++-------
Melee: Mace              ||    37
       Headbutt          ||     3
 Stab: Sleeping          ||     1
Armor: Robe              ||     6
Dodge: Dodged            ||    41
